 Dungeon Crawl Stone Soup version 0.32-a0-732-ga344392067 (webtiles) character file.

Game seed: 18204681692578486744

25 backslashecho the Chopper (level 2, -3/25 HPs)
             Began as a Minotaur Gladiator on Mar 16, 2024.
             Slain by an adder (4 damage)
             ... on level 2 of the Dungeon.
             The game lasted 00:04:45 (786 turns).

backslashecho the Chopper (Minotaur Gladiator)       Turns: 786, Time: 00:04:46

Health: -3/25      AC:  3    Str: 18    XL:     2   Next: 82%
Magic:  0/0        EV:  5    Int:  5    God:
Gold:   24         SH:  0    Dex: 11    Spells: 1/1 levels left

rFire   x . .        a - +0 war axe
rCold   . . .        (no shield)
rNeg    . . .        b - +0 leather armour
rPois   .            c - +0 hat
rElec   .            (no cloak)
rCorr   .            (no gloves)
SInv    .            (no boots)
Will    +....        (no amulet)
Stlth   +            (no ring)
HPRegen 1.04/turn    (no ring)
MPRegen 0.07/turn

%: no passive effects
@: lethally poisoned (-3 -> -4), enlightened, flying, held
A: horns 2, retaliatory headbutt, low MP 1, regeneration 1, heat vulnerability 1
a: no special abilities


You were on level 2 of the Dungeon.
You visited 1 branch of the dungeon, and saw 2 of its levels.

You collected 24 gold pieces.

Inventory:

Hand Weapons
 a - a +0 war axe (weapon)
Missiles
 d - 3 throwing nets (quivered)
 e - a javelin
 p - 6 poisoned darts
Armour
 b - a +0 leather armour (worn)
 c - a +0 hat (worn)
Jewellery
 l - a ring of ice
Scrolls
 f - a scroll of revelation {unknown}
 g - 2 scrolls of teleportation {unknown}
 h - a scroll of blinking {unknown}
 i - 2 scrolls of identify {unknown}
 n - a scroll of vulnerability {unknown}
 o - a scroll of poison {unknown}


   Skills:
 + Level 2.9 Fighting
 * Level 4.4 Axes
 - Level 2.0 Throwing
 + Level 1.3 Armour
 - Level 3.2 Dodging


You had one spell level left.
You didn't know any spells.
Your spell library was empty.

Dungeon Overview and Level Annotations

Branches:
Dungeon (2/15)

Altars:

Shops:
D:1 :


Innate Abilities, Weirdness & Mutations

You have a pair of horns on your head.
You reflexively headbutt those who attack you in melee.
Your magical capacity is low. (-10% MP)
Your natural rate of healing is unusually fast.
You are vulnerable to heat. (rF-)


Message History

The helpless endoplasm fails to defend itself.
You hit the endoplasm but do no damage. The endoplasm closely misses you.
The endoplasm hits you but does no damage.
You hit the endoplasm but do no damage. Your headbutt misses the endoplasm.
The endoplasm barely misses you.
You hit the endoplasm but do no damage.
The endoplasm hits you but does no damage.
You slash the endoplasm!
You kill the endoplasm!
You now have 24 gold pieces (gained 13).
A quokka comes into view.
A quokka is nearby!
Found a quarterstaff.
You slash the quokka!
You kill the quokka!
No target in view!
No target in view!
No target in view!
Found 6 poisoned darts.
No target in view!
o - a scroll labelled YLIJOEXE SIUS You see here a +0 quarterstaff.
You see here 6 poisoned darts.
Found a stone staircase leading down.
Things that are here:
a +0 short sword; 2 stones; a kobold skeleton You see here 6 poisoned darts.
p - 6 poisoned darts
Things that are here:
a +0 short sword; 2 stones; a kobold skeleton Done exploring.
Done exploring.
There is a stone staircase leading down here.
You climb downwards.
The adder hisses angrily.
The endoplasm quivers.
Found a scroll labelled ZUSTIO RORI, 4 stones and a clear potion.
Found a stone staircase leading down.
There is a stone staircase leading up here.
The endoplasm closely misses you.
You closely miss the adder. You slash the ribbon worm! You hit the endoplasm.
The adder closely misses you. The ribbon worm closely misses you.
You furiously retaliate!
You headbutt the ribbon worm! The endoplasm hits you.
The adder bites you but does no damage.
You take 3 damage, and have 22/25 hp.
An adder comes into view.
The adder hisses angrily.
The adder attacks as it pursues you! The adder bites you.
The ribbon worm expels a string of sticky webbing.
The stream of webbing hits you but does no damage.
You are caught in a web!
There is a web here.
You take 2 damage, and have 20/25 hp.
You struggle to detach yourself from the web.
The adder bites you but does no damage.
The endoplasm hits you but does no damage.
You struggle to detach yourself from the web.
The adder closely misses you. You furiously retaliate!
You headbutt the adder. The endoplasm freezes you.
You are frozen.
The adder barely misses you. You furiously retaliate!
You headbutt the adder, but do no damage.
The ribbon worm bites you!
You take 10 damage, and have 10/25 hp.
MASSIVE DAMAGE!!
The web tears apart.
The adder bites you.
* * * LOW HITPOINT WARNING * * *
You are poisoned.
The adder poisons you! The endoplasm hits you.
* * * LOW HITPOINT WARNING * * *
You take 6 damage, and have 4/25 hp.
MASSIVE DAMAGE!!
It was a potion of heal wounds.
You feel much better.
You feel sick. The adder barely misses you. The ribbon worm bites you.
The endoplasm freezes you.
You are frozen.
The adder closely misses you.
You regained 10 hp, and now have 14/25 hp.
You feel sick. The adder attacks as it pursues you! The adder bites you.
You are lethally poisoned!
The adder poisons you! The ribbon worm bites you.
* * * LOW HITPOINT WARNING * * *
The adder bites you.
* * * LOW HITPOINT WARNING * * *
You take 10 damage, and have 4/25 hp.
MASSIVE DAMAGE!!
It was a potion of enlightenment.
You feel very buoyant.
You fly up into the air.
* * * LOW HITPOINT WARNING * * *
You feel sick. The adder barely misses you. The endoplasm barely misses you.
You furiously retaliate!
You headbutt the endoplasm.
You kill the endoplasm!
The adder misses you. You furiously retaliate!
You headbutt the adder, but do no damage.
The ribbon worm expels a string of sticky webbing.
The stream of webbing hits you but does no damage.
You are caught in a web!
You take 2 damage, and have 2/25 hp.
It was a potion of mutation.
You feel extremely strange.
You feel less energetic.
You feel vulnerable to heat.
You begin to heal more quickly.
* * * LOW HITPOINT WARNING * * *
You feel sick. The adder bites you.
You die...

# .. #. .# #..
##.#
###.#####...#
...........###
..(..........#
...........#
.>.....Sw..#
..?....S@..#
.........^.#
...........#
........!....
..............
.........###.##
........## ..
###.#.. ..


You could see a ribbon worm (catching breath) and 2 adders.

Vanquished Creatures
  A dart slug (D:1)
  4 bats (D:1)
  3 endoplasms
  2 giant cockroaches (D:1)
  A goblin (D:1)
  A hobgoblin (D:1)
  7 kobolds (D:1)
  A quokka (D:1)
  A frilled lizard (D:1)
  A rat (D:1)
22 creatures vanquished.

Notes
Turn   | Place    | Note
-------+----------+-------------------------------------------
     0 | D:1      | backslashecho the Minotaur Gladiator began the quest for
                  | the Orb.
     0 | D:1      | Reached XP level 1. HP: 18/18 MP: 0/0
   108 | D:1      | Reached skill level 4 in Axes
   114 | D:1      | Reached XP level 2. HP: 24/25 MP: 1/1
   170 | D:1      | Reached skill level 1 in Armour
   247 | D:1      | Found Yskeagot's Book Shoppe.
   786 | D:2      | Gained mutation: Your magical capacity is low. (-10% MP)
                  | [potion of mutation]
   786 | D:2      | Gained mutation: You are vulnerable to heat. (rF-) [potion
                  | of mutation]
   786 | D:2      | Gained mutation: Your natural rate of healing is unusually
                  | fast. [potion of mutation]
   786 | D:2      | HP: 1/25 [poisoned by an adder]
   786 | D:2      | Slain by an adder

Illustrated notes

Levels and vault maps discovered:
D:1:      spicycebolla_arrival_clurvy, layout_loops_cross, serial_shops, shop
D:2:      layout_rooms

Skill      XL: |  1  2 |
---------------+-------+-----
Axes           | 4 |  4.4
Armour         | 1 |  1.3
Fighting       | |  2.9
Throwing       | |  2.0
Dodging        | |  3.2

Action                     || total
---------------------------++-------
  Melee: War axe           ||    37
         Headbutt          ||     3
    Use: Potion            ||     3
   Stab: Sleeping          ||     1
 Armour: Leather armour    ||    37
  Dodge: Dodged            ||    26

Table legend: (Time is in decaauts)
 A = Elapsed time spent in this place.
 B = Non-inter-level travel time spent in this place.
 C = Inter-level travel time spent in this place.
 D = Time resting spent in this place.
 E = Time spent auto-exploring this place.
 F = Levels seen in this place.
 G = Mean time per level.
                   A        B        C        D        E       F      G
               +--------+--------+--------+--------+--------+-----+--------+
         Total |    796 |    737 |     59 |      0 |    587 |   2 |  398.0 |
       Dungeon |    796 |    737 |     59 |      0 |    587 |   2 |  398.0 |
               +--------+--------+--------+--------+--------+-----+--------+

Top non-repeatable levels by time:
     D:1: 785 daAuts
     D:2: 11 daAuts
